 Dungeon Crawl Stone Soup version 0.29-a0-284-gf9362112df (webtiles) character file.

Game seed: 9682532927466522809

128 bande the Shield-Bearer (level 5, -1/33 HPs)
             Began as a Gargoyle Fighter on Mar 28, 2022.
             Slain by a kobold brigand
             ... wielding a +0 dagger
              (4 damage)
             ... in a sewer.
             The game lasted 00:04:54 (1963 turns).

bande the Shield-Bearer (Gargoyle Fighter)          Turns: 1963, Time: 00:04:55

Health: -1/33      AC: 11    Str: 20    XL:     5   Next: 11%
Magic:  5/5        EV:  9    Int:  8    God:
Gold:   134        SH:  4    Dex: 11    Spells: 4/4 levels left

rFire   . . .      SeeInvis .   a - +0 war axe
rCold   . . .      Faith    .   c - +0 buckler
rNeg    + . .      Spirit   .   b - +0 scale mail
rPois   ∞          Reflect  .   (no helmet)
rElec   +          Harm     .   (no cloak)
rCorr   .          Rampage  .   (no gloves)
Will    .....                   (no boots)
Stlth   ..........              (no amulet)
HPRegen 0.11/turn               (no ring)
MPRegen 0.09/turn               (no ring)

@: no status effects
A: sickness immunity, AC +4, negative energy resistance 1, electricity
resistance, torment resistance 1, petrification resistance
a: no special abilities


You were in a sewer.
You visited 1 branch of the dungeon, and saw 3 of its levels.
You also visited: Sewer.

You collected 134 gold pieces.

Inventory:

Hand Weapons
 a - a +0 war axe (weapon)
Armour
 b - a +0 scale mail (worn)
 c - a +0 buckler (worn)
Scrolls
 g - a scroll of noise {unknown}
 k - 2 scrolls of teleportation {unknown}
 l - a scroll of magic mapping {unknown}
 o - a scroll of enchant weapon {unknown}
Potions
 d - a potion of might
 e - a potion of cancellation
 f - 2 potions of lignification
 h - a potion of degeneration {unknown}
 i - a potion of attraction {unknown}
 j - a potion of brilliance {unknown}
 m - a potion of magic {unknown}


   Skills:
 + Level 3.8 Fighting
 + Level 3.4 Axes
 + Level 3.9 Armour
 - Level 0.3 Dodging
 + Level 4.0 Shields


You had 4 spell levels left.
You didn't know any spells.
Your spell library contained the following spells:

 Spells                   Type           Power      Damage    Failure   Level
 Ignite Poison            Fire/Tmut/Pois 0%         N/A       99%         3
 Mephitic Cloud           Conj/Pois/Air  0%         N/A       99%         3
 Freezing Cloud           Conj/Ice/Air   0%         6-21      100%        5


Dungeon Overview and Level Annotations

Branches:
Dungeon (3/15)              Sewer (1/1)

Altars:
Sif Muna
Vehumet
Yredelemnul
The Shining One


Innate Abilities, Weirdness & Mutations

You are immune to sickness and miasma.
Your stone body is resilient. (AC +4)
You are immune to poison.
You resist negative energy. (rN+)
You are resistant to electric shocks. (rElec)
You are resistant to unholy torment.
You are immune to petrification.


Message History

The kobold brigand barely misses you.
You slash the kobold brigand!
The kobold brigand is severely wounded.
You hit the kobold brigand. The kobold brigand barely misses you.
The kobold brigand hits you but does no damage.
Unknown command.
You hit the kobold brigand but do no damage.
The kobold brigand is severely wounded.
You barely miss the kobold brigand.
The kobold brigand hits you but does no damage.
The kobold brigand hits you with a +0 dagger.
* * * LOW HITPOINT WARNING * * *
The kobold brigand hits you but does no damage.
You completely miss the kobold brigand.
The kobold brigand is severely wounded.
You closely miss the kobold brigand.
The kobold brigand hits you but does no damage.
The kobold brigand barely misses you. The kobold brigand closely misses you.
You feel better.
The kobold brigand hits you but does no damage.
The kobold brigand hits you with a +0 dagger.
You hit the kobold brigand.
The kobold brigand is severely wounded.
You hit the kobold brigand but do no damage.
The kobold brigand hits you with a +0 short sword.
* * * LOW HITPOINT WARNING * * *
The kobold brigand hits you but does no damage.
You slash the kobold brigand!
The kobold brigand is almost dead.
You hit the kobold brigand.
The kobold brigand hits you with a +0 short sword.
* * * LOW HITPOINT WARNING * * *
The kobold brigand hits you with a +0 dagger.
* * * LOW HITPOINT WARNING * * *
The kobold brigand barely misses you.
You closely miss the kobold brigand.
The kobold brigand is almost dead.
You hit the kobold brigand.
The kobold brigand hits you with a +0 dagger.
You die...

################..≈≈≈≈.#
≈≈≈≈≈≈≈≈≈≈≈≈≈≈≈≈≈≈≈≈≈..#
################..≈≈≈.≈#
#≈≈≈≈≈..# #≈≈≈≈≈≈.#
#≈≈≈≈≈≈.# #.≈≈≈≈≈.#
#K)≈≈≈≈≈# #@K≈≈≈≈.#
#))≈....# ####.#### ...
....# ...## .##


You could see 2 kobold brigands.

Vanquished Creatures
  A hound (D:2)
  A river rat (Sewer)
  3 adders
  A dart slug (D:1)
  A worm (D:3)
  3 ball pythons
  4 endoplasms
  2 giant cockroaches
  5 goblins
  4 hobgoblins
  6 jackals
  2 quokkas
  5 bats
  A frilled lizard (D:2)
  A giant cockroach zombie (D:2)
  10 kobolds
  7 rats
57 creatures vanquished.

Notes
Turn   | Place    | Note
-------+----------+-------------------------------------------
     0 | D:1      | bande the Gargoyle Fighter began the quest for the Orb.
     0 | D:1      | Reached XP level 1. HP: 14/14 MP: 1/1
    82 | D:1      | Reached XP level 2. HP: 18/19 MP: 2/2
   343 | D:1      | You fall into a shaft and drop 1 floor!
   361 | D:2      | Reached XP level 3. HP: 17/24 MP: 3/3
   639 | D:1      | Reached XP level 4. HP: 29/29 MP: 4/4
   690 | D:1      | Found a faded altar of an unknown god.
  1370 | D:2      | Reached skill level 4 in Shields
  1622 | D:3      | Found a shimmering blue altar of Sif Muna.
  1622 | D:3      | Found a radiant altar of Vehumet.
  1623 | D:3      | Found a glowing golden altar of the Shining One.
  1626 | D:3      | Found a basalt altar of Yredelemnul.
  1867 | D:3      | Found a glowing drain.
  1876 | Sewer    | Entered a sewer
  1886 | Sewer    | Reached XP level 5. HP: 33/33 MP: 5/5
  1939 | Sewer    | Noticed a kobold brigand
  1942 | Sewer    | Noticed a kobold brigand
  1963 | Sewer    | Slain by a kobold brigand

Illustrated notes

Levels and vault maps discovered:
D:1:      erik_arrival_orb_chamber, layout_rooms, shapermc_ecumenical_altar_venn
D:2:      layout_loops_ring, serial_undead, serial_undead_e, serial_undead_d,
          serial_undead_d, serial_undead_d
D:3:      layout_basic, chequers_temple_overflow_statue_of_worship,
          cheibrodos_sewer_entry_sluice
Sewer:    sewer_kobolds

Skill      XL: |  1  2  3  4 |
---------------+-------------+-----
Axes           | 2 3 |  3.4
Shields        | 4 |  4.0
Fighting       | |  3.8
Armour         | |  3.9
Dodging        | |  0.3

Action                   |  1- 3 |  4- 6 || total
-------------------------+-------+-------++-------
Melee: War axe           |    63 |    89 ||   152
  Use: Scroll            |       |     4 ||     4
       Potion            |       |     3 ||     3
Armor: Scale mail        |    44 |    72 ||   116
Dodge: Dodged            |    37 |    61 ||    98
Block: Buckler           |    18 |    19 ||    37

Table legend: (Time is in decaauts)
 A = Elapsed time spent in this place.
 B = Non-inter-level travel time spent in this place.
 C = Inter-level travel time spent in this place.
 D = Time resting spent in this place.
 E = Time spent auto-exploring this place.
 F = Levels seen in this place.
 G = Mean time per level.
                   A        B        C        D        E       F      G
               +--------+--------+--------+--------+--------+-----+--------+
         Total |   2045 |   2007 |     38 |      0 |   1523 |   4 |  511.2 |
       Dungeon |   1930 |   1892 |     38 |      0 |   1462 |   3 |  643.3 |
         Sewer |    115 |    115 |      0 |      0 |     61 |   1 |  115.0 |
               +--------+--------+--------+--------+--------+-----+--------+

Top non-repeatable levels by time:
     D:2: 799 daAuts
     D:1: 775 daAuts
     D:3: 355 daAuts
   Sewer: 115 daAuts
